 Dungeon Crawl Stone Soup version 0.20-a0-556-g892c87b (webtiles) character file.

1051 polly the Thaumaturge (level 8, -2/43 HPs)
             Began as a Deep Elf Wizard on Feb 5, 2017.
             Slain by an ogre
             ... wielding a cursed -3 giant spiked club
              (30 damage)
             ... on level 5 of the Dungeon.
             The game lasted 00:15:33 (5824 turns).

polly the Thaumaturge (Deep Elf Wizard)             Turns: 5824, Time: 00:15:34

Health: -2/43      AC:  2    Str:  4    XL:     8   Next: 5%
Magic:  22/23      EV: 14    Int: 26    God:
Gold:   246        SH:  0    Dex: 13    Spells: 24/25 levels left

rFire    . . .     SeeInvis .   o - +3 mace "Ebiucid" {elec, Stlth+}
rCold    . . .     Gourm    .   a - +0 robe
rNeg     . . .     Faith    .   (no shield)
rPois    .         Spirit   .   b - +0 hat
rElec    .         Reflect  .   m - +1 cloak (curse)
rCorr    .         Harm     .   (no gloves)
MR       .....                  (no boots)
Stlth    ++++......             s - amulet of regeneration
Regen    0.6/turn               w - ring of flight
                                j - -2 ring of protection (curse)

@: no status effects
A: no striking features
a: Evoke Flight


You were on level 5 of the Dungeon.
You were hungry.

You visited 1 branch of the dungeon, and saw 5 of its levels.

You collected 246 gold pieces.

Inventory:

Hand Weapons
 o - the +3 mace "Ebiucid" (weapon) {elec, Stlth+}
   (You found it on level 4 of the Dungeon)

   Occasionally, upon striking a foe, it will discharge some electrical energy
   and cause terrible harm.
   It makes you more stealthy.
Armour
 a - a +0 robe (worn)
 b - a +0 hat (worn)
 m - a cursed +1 cloak (worn)
 v - a +1 cloak of magic resistance
Jewellery
 j - a cursed -2 ring of protection (left hand)
 q - an uncursed ring of fire {unknown}
 s - an amulet of regeneration (around neck)
 w - a ring of flight (right hand)
Wands
 t - a wand of flame (15/48)
Scrolls
 e - a scroll of magic mapping
 g - 9 scrolls of identify
 x - a scroll of blinking
 y - a scroll of brand weapon {unknown}
Potions
 f - 2 potions of might {unknown}
 h - a potion of curing
 i - a potion of ambrosia {unknown}
 k - a potion of mutation {unknown}
 p - a potion of heal wounds {unknown}
 r - a potion of beneficial mutation {unknown}
 u - a potion of flight {unknown}
Books
 c - a book of Minor Magic

   Spells                             Type                      Level
   a - Magic Dart                     Conjuration                  1
   b - Blink                          Translocation                2
   c - Call Imp                       Summoning                    2
   d - Repel Missiles                 Charms/Air                   2
   e - Slow                           Hexes                        2
   f - Conjure Flame                  Conjuration/Fire             3
   g - Mephitic Cloud                 Conjuration/Poison/Air       3
Comestibles
 d - 4 bread rations
 l - 3 fruits
 n - 2 meat rations


   Skills:
 + Level 1.2 Fighting
 + Level 4.8 Dodging
 + Level 4.1 Stealth
 + Level 9.3 Spellcasting
 + Level 5.5 Conjurations
   Level 1.1 Summonings
   Level 1.1 Translocations


You had 24 spell levels left.
You knew the following spells:

 Your Spells              Type           Power        Failure   Level  Hunger
a - Magic Dart            Conj           ####         1%          1    None


Dungeon Overview and Level Annotations

Branches:
Dungeon (5/15)
 Temple: D:4-7

Altars:
Elyvilon
Beogh


Message History

Mmmm...
Yummy apple.
You climb downwards.
An ogre comes into view. It is wielding a giant spiked club.
Found a hunting sling.
There is a stone staircase leading up here.
The helpless ogre fails to defend itself.
You hit the ogre.
The ogre is lightly wounded.
The ogre hits you with a giant spiked club!!
A jackal zombie comes into view.
Casting: Magic Dart
Confirm with . or Enter, or press ? or * to list all spells.
Aiming: Magic Dart
Press: ? - help, Shift-Dir - straight line, f - ogre
Aim: an ogre, wielding a giant spiked club (lightly wounded)
The magic dart hits the ogre.
The ogre is moderately wounded.
The ogre hits you with a giant spiked club!!
Ouch! That really hurt!
You die...

#..## # . #.# # #.... .
.. #.# # #...#
.#.....##.####
#...##..............
#..<...#..........##
#.....)##...##...###
###.######. ##.## # #O#
# #.# #@# #.# #.# #+#
#.# #.### #.#.##
#.#####....####....g....
..............+...g.....
#....# ......... #.#.##
.......


You could see an ogre.

Vanquished Creatures
  Edmund (D:4)
  Menkaure (D:4)
  Duvessa (D:4)
  2 ogres (D:4)
  Dowan (D:4)
  An orc priest (D:4)
  A centaur zombie (D:3)
  Crazy Yiuf (D:4)
  An orc wizard (D:4)
  2 iguanas (D:4)
  Ijyb (D:3)
  Jessica (D:2)
  Terence (D:2)
  A hound zombie (D:5)
  A hound skeleton (D:4)
  5 gnolls
  2 howler monkey skeletons
  4 adders
  An ooze (D:2)
  A worm (D:2)
  3 dart slugs
  A leopard gecko (D:2)
  9 orcs
  6 giant cockroaches
  9 goblins
  9 hobgoblins
  6 jackals (D:4)
  4 kobolds
  A quokka (D:3)
  A ball python (D:4)
  9 bats
  7 frilled lizards
  7 rats
102 creatures vanquished.

Notes
Turn   | Place    | Note
-------+----------+-------------------------------------------
     0 | D:1      | polly the Deep Elf Wizard began the quest for the Orb.
     0 | D:1      | Reached XP level 1. HP: 10/10 MP: 7/7
   328 | D:1      | Reached skill level 5 in Spellcasting
   339 | D:1      | Reached XP level 2. HP: 15/15 MP: 6/10
  1024 | D:2      | Reached XP level 3. HP: 19/19 MP: 9/12
  1025 | D:2      | Noticed Jessica
  1036 | D:2      | Killed Jessica
  1153 | D:2      | Reached skill level 6 in Spellcasting
  1191 | D:2      | Reached XP level 4. HP: 24/24 MP: 3/14
  1831 | D:2      | Found a white marble altar of Elyvilon.
  2195 | D:3      | Reached XP level 5. HP: 28/28 MP: 9/15
  2228 | D:3      | Noticed Terence
  2956 | D:3      | You fall through a shaft!
  3216 | D:4      | Reached skill level 7 in Spellcasting
  3458 | D:4      | Found a roughly hewn altar of Beogh.
  3746 | D:4      | Reached XP level 6. HP: 32/32 MP: 11/18
  3844 | D:4      | Noticed Menkaure
  3850 | D:4      | Killed Menkaure
  3850 | D:4      | Reached skill level 8 in Spellcasting
  3870 | D:4      | Noticed Edmund
  4137 | D:2      | Killed Terence
  4137 | D:2      | Reached XP level 7. HP: 21/36 MP: 6/20
  4280 | D:3      | Noticed Ijyb
  4289 | D:3      | Killed Ijyb
  4466 | D:4      | Noticed Dowan
  4472 | D:4      | Killed Dowan
  4520 | D:4      | Noticed Duvessa
  4790 | D:4      | Killed Duvessa
  4923 | D:4      | Killed Edmund
  4923 | D:4      | Reached skill level 1 in Fighting
  4923 | D:4      | Reached skill level 5 in Conjurations
  4992 | D:4      | Found a runed door.
  5082 | D:4      | Reached skill level 9 in Spellcasting
  5375 | D:4      | Noticed Crazy Yiuf
  5386 | D:4      | Killed Crazy Yiuf
  5386 | D:4      | Reached XP level 8. HP: 12/43 MP: 16/23
  5397 | D:4      | Got an iridescent mace
  5398 | D:4      | Identified the +3 mace "Ebiucid" {elec, Stlth+} (You found it on level 4 of the Dungeon)
  5459 | D:5      | Entered Level 5 of the Dungeon
  5824 | D:5      | Slain by an ogre

Vault maps used:
D:1:      dpeg_arrival_long_road
D:2:      first_bread, elyvilon_altar_1, uniq_jessica
D:3:      uniq_terence, uniq_iyjb
D:4:      st_stairs_7, kennysheep_orc_chapel, uniq_crazy_yiuf_cottage,
          uniq_edmund, uniq_menkaure, uniq_duvessa

Skill      XL: |  1  2  3  4  5  6  7 |
---------------+----------------------+-----
Spellcasting   | 5 6 7 8 9 |  9.3
Conjurations   | 2 3 4 5 |  5.5
Stealth        | 3 4 |  4.1
Dodging        | 3 4 |  4.8
Fighting       | 1 |  1.2
Summonings     | |  1.1
Translocations | |  1.1

Action                   |  1- 3 |  4- 6 |  7- 9 || total
-------------------------+-------+-------+-------++-------
Melee: Unarmed           |     1 |     2 |     1 ||     4
       Mace              |       |       |     1 ||     1
 Cast: Magic Dart        |    77 |   201 |   122 ||   400
  Use: Scroll            |     3 |     4 |     4 ||    11
       Potion            |       |       |     1 ||     1
 Stab: Sleeping          |       |       |     1 ||     1
  Eat: Chunk             |       |     9 |     4 ||    13
       Fruit             |       |       |     1 ||     1
Armor: Robe              |     3 |     7 |     5 ||    15
Dodge: Dodged            |     8 |    60 |    25 ||    93
